 Dungeon Crawl Stone Soup version 0.18-a0-1078-gebb93d0 (webtiles) character file.

30 gorblad the Poker (level 3, -9/34 HPs)
             Began as a Naga Berserker on Jan 14, 2016.
             Was a Believer of Trog.
             Mangled by a gnoll
             ... wielding a cursed -3 halberd
              (16 damage)
             ... on level 3 of the Dungeon.
             The game lasted 00:06:45 (2208 turns).

gorblad the Poker (Naga Berserker)                  Turns: 2208, Time: 00:06:45

Health: -9/34      AC:  3    Str: 20    XL:     3   Next: 20%
Magic:  3/3        EV:  9    Int:  7    God:    Trog [**....]
Gold:   105        SH:  3    Dex: 10    Spells: 0 memorised, 2 levels left

rFire  . . .     SeeInvis +     a - +0 spear
rCold  . . .     Gourm    .     b - +0 animal skin
rNeg   . . .     Faith    .     k - +0 buckler
rPois  +         Spirit   .     (no helmet)
rElec  .         Dismiss  .     o - +0 cloak
rCorr  .         Reflect  .     (no gloves)
SustAt .         Harm     .     (no barding)
MR     .....                    (no amulet)
Stlth  ++........               (no ring)
                                (no ring)

@: very slow, not resistant to hostile enchantments, unstealthy
A: see invisible, deformed body, poison resistance, slowness 2, slow metabolism
1, spit poison 2, AC +1
a: Spit Poison, Berserk, Trog's Hand, Burn Spellbooks, Renounce Religion


You were on level 3 of the Dungeon.
You worshipped Trog.
Trog was pleased with you.
You were hungry.

You visited 1 branch of the dungeon, and saw 3 of its levels.

You collected 105 gold pieces.

Inventory:

Hand Weapons
 a - a +0 spear (weapon)
Armour
 b - a +0 animal skin (worn)
 k - a +0 buckler (worn)
 o - a +0 cloak (worn)
Scrolls
 p - a scroll of remove curse
Potions
 d - a potion of flight {unknown}
 g - a potion of curing
 i - a potion of heal wounds {unknown}
 n - a potion of magic {unknown}
Comestibles
 c - a bread ration
 f - a royal jelly
 h - 2 beef jerkies
 l - 2 meat rations
 m - a slice of pizza


   Skills:
 + Level 3.3 Fighting
 + Level 3.3 Polearms
 - Level 1.5 Armour
 - Level 1.5 Dodging
 - Level 3.1 Stealth


You had 2 spell levels left.
You didn't know any spells.

Dungeon Overview and Level Annotations

Branches:
Dungeon (3/15)

Altars:
Ru


Innate Abilities, Weirdness & Mutations

You cannot wear boots.
Your serpentine skin is tough (AC +1).
You have supernaturally acute eyesight.
Armour fits poorly on your strangely shaped body.
Your system is resistant to poisons.
You cover ground very slowly.
You have a slow metabolism.
You can spit poison.


Message History

You reach to attack!
You closely miss the gnoll.
The gnoll is severely wounded.
You hit the gnoll but do no damage.
The gnoll hits you from afar with an enchanted halberd.
The gnoll hits you with a flail! The quokka barely misses you.
A giant newt comes into view.
You hit the gnoll but do no damage. The quokka completely misses you.
The gnoll hits you from afar with an enchanted halberd.
The gnoll barely misses you.
You hit the gnoll.
The gnoll is moderately wounded.
The quokka completely misses you.
The gnoll hits you from afar with an enchanted halberd.
The gnoll hits you with a flail.
You hit the gnoll.
The gnoll is heavily wounded.
The quokka bites you.
* * * LOW HITPOINT WARNING * * *
The gnoll hits you from afar with an enchanted halberd!
You die...

≈≈≈≈≈≈≈≈≈≈≈≈≈≈
.
≈≈.≈.≈.≈≈..≈≈
..
............
...
...........
.... ........
.....#%....#
#!.r...##
#@gl.#
##.#...# #g#
.#


#gg ##.. ... .### .. #. You could see 4 gnolls, a quokka and a giant newt.

Vanquished Creatures
  A worm (D:2)
  A ball python (D:1)
  3 bats
  3 giant cockroaches
  5 goblins
  4 hobgoblins
  5 kobolds
  2 rats (D:1)
24 creatures vanquished.

Notes
Turn   | Place    | Note
--------------------------------------------------------------
     0 | D:1      | gorblad the Naga Berserker began the quest for the Orb.
     0 | D:1      | Reached XP level 1. HP: 21/21 MP: 1/1
   134 | D:1      | Reached skill level 1 in Stealth
   265 | D:1      | Reached XP level 2. HP: 22/28 MP: 2/2
  1591 | D:2      | Found a sacrificial altar of Ru.
  1615 | D:2      | Reached XP level 3. HP: 31/34 MP: 3/3
  1981 | D:2      | Reached ** piety under Trog
  2208 | D:3      | Mangled by a gnoll

Vault maps used:
D:1:      dpeg_arrival_concentric_ovals, hex_intersection, grunt_decor_fettered,
          lemuel_flame_loot_1
D:2:      lemuel_coloured_pillars_altar
D:3:      minmay_goblin_kobold_castle, wad_rectangle_vault, uniq_natasha

Action                   || total
-------------------------++-------
Melee: Spear             ||   108
  Use: Scroll            ||     5
       Potion            ||     1
 Stab: Sleeping          ||     4
  Eat: Chunk             ||     2
